 Dungeon Crawl Stone Soup version 0.31-a0-986-g5e6e4ef867 (webtiles) character file.

Game seed: 10708923296878473360

3378 Firecrotchwizard the Thaumaturge (level 9, 41/45 HPs)
             Began as a Deep Elf Conjurer on Nov 5, 2023.
             Quit the game on level 7 of the Dungeon on Nov 6, 2023.
             The game lasted 00:27:10 (7910 turns).

Firecrotchwizard the Thaumaturge (DECj)             Turns: 7910, Time: 00:27:10

Health: 41/45      AC:  8    Str:  4    XL:     9   Next: 74%
Magic:  34/34      EV: 17    Int: 28    God:
Gold:   55         SH:  0    Dex: 13    Spells: 15/29 levels left

rFire   . . .        F - +3 trident (venom)
rCold   . . .        G - orb {guile}
rNeg    . . .        a - +0 robe
rPois   .            (no helmet)
rElec   .            o - +0 cloak
rCorr   .            k - +2 pair of gloves
SInv    .            e - +1 pair of boots
Will    .....        (no amulet)
Stlth   ++           E - +5 ring of evasion
HPRegen 0.27/turn    u - ring of magical power
MPRegen 0.24/turn

%: no passive effects
@: no status effects
A: no striking features
a: no special abilities


You were on level 7 of the Dungeon.
You visited 1 branch of the dungeon, and saw 7 of its levels.

You collected 412 gold pieces.
You spent 357 gold pieces at shops.

Inventory:

Hand Weapons
 j - a +3 short sword
 s - a +1 dagger of protection
 y - a +2 dagger of venom
 F - a +3 trident of venom (weapon)
Missiles
 h - 6 poisoned darts
 l - 6 datura-tipped darts
Armour
 a - a +0 robe (worn)
 e - a +1 pair of boots (worn)
 k - a +2 pair of gloves (worn)
 o - a +0 cloak (worn)
 G - an orb of guile (worn)
Jewellery
 u - a ring of magical power (right hand)
 E - a +5 ring of evasion (left hand)
Wands
 q - a wand of iceblast (3)
 x - a wand of charming (1)
Scrolls
 g - 2 scrolls of blinking
 i - 2 scrolls of identify
 n - 2 scrolls of poison
 p - a scroll of summoning
 t - 4 scrolls of teleportation
Potions
 b - 2 potions of magic
 c - a potion of attraction {unknown}
 d - 4 potions of curing
 f - a potion of mutation {unknown}
 m - 2 potions of heal wounds
 r - 2 potions of haste
 A - a potion of ambrosia {unknown}
 D - a potion of berserk rage {unknown}


   Skills:
 - Level 2.4 Dodging
 - Level 2.4 Stealth
 + Level 10.9 Spellcasting
 + Level 9.8 Conjurations
 - Level 3.0 Hexes
 - Level 2.0 Translocations
 * Level 2.0 Transmutations
 + Level 7.5 Evocations


You had 15 spell levels left.
You knew the following spells:

 Your Spells              Type           Power      Damage    Failure   Level
a - Magic Dart            Conj           100%       1d8       1%          1
b - Searing Ray           Conj           100%       2d8       1%          2
c - Fulminant Prism       Conj/Hex       25%        3d14      2%          4
d - Blink                 Tloc           52%        N/A       2%          2
e - Irradiate             Conj/Tmut      24%        3d19      9%          5

Your spell library contained the following spells:

 Spells                   Type           Power      Damage    Failure   Level
 Dazzling Flash           Conj/Hex       100%       N/A       1%          3
 Wereblood                Tmut           26%        N/A       2%          2
 Sigil of Binding         Hex            32%        N/A       3%          3
 Iskenderun's Mystic Bla  Conj/Tloc      48%        2d11      3%          4
 Flame Wave               Conj/Fire      43%        2d11      4%          4
 Scorch                   Fire           30%        2d6       5%          2
 Call Canine Familiar     Summ           15%        N/A       11%         3
 Dimensional Bullseye     Hex/Tloc       14%        N/A       13%         4
 Manifold Assault         Tloc           26%        N/A       16%         4
 Leda's Liquefaction      Hex/Erth       11%        N/A       21%         4
 Summon Cactus Giant      Summ           7%         N/A       99%         6


Dungeon Overview and Level Annotations

Branches:
Dungeon (7/15)             Temple (0/1) D:7

Altars:
Ashenzari
Elyvilon
Nemelex Xobeh
Qazlal
Wu Jian
Xom
The Shining One

Shops:
D:3 =   D:5 :*=?

Annotations:
D:2 1 runed translucent door, exclusion: scorpion, Crazy Yiuf
D:3 1 runed translucent door, exclusion: scorpion, FakeRyeBread's ghost, amateur GrFi


Message History

Things that are here:
a +0 robe; a +0 dagger
Found a stone staircase leading down.
You now have 55 gold pieces (gained 4).
Found 5 stones.
Found a glowing golden altar of the Shining One.
An ice beast comes into view.
You completely miss the ice beast. The ice beast misses you.
You barely miss the ice beast. The ice beast misses you.
The ice beast barely misses you.
You closely miss the ice beast. The ice beast closely misses you.
You hit the ice beast.
The ice beast is lightly wounded.
The ice beast misses you.
You closely miss the ice beast.
The ice beast is lightly wounded.
The ice beast barely misses you.
You barely miss the ice beast.
The ice beast is lightly wounded.
The ice beast misses you. The ice beast closely misses you.
You barely miss the ice beast.
The ice beast is lightly wounded.
The ice beast hits you but does no damage.
You puncture the ice beast!
The ice beast is moderately wounded.
The ice beast misses you.
You hit the ice beast.
The ice beast is poisoned.
The ice beast is moderately wounded.
The ice beast misses you. The ice beast barely misses you.
You barely miss the ice beast.
The ice beast is heavily wounded.
The ice beast completely misses you.
You barely miss the ice beast.
The ice beast is heavily wounded.
The ice beast hits you but does no damage.
You barely miss the ice beast.
The ice beast is heavily wounded.
The ice beast hits you but does no damage. x2
You hit the ice beast.
The ice beast looks as sick as possible!
The ice beast is heavily wounded.
The ice beast misses you.
You puncture the ice beast!
The ice beast is almost dead.
You kill the ice beast!
No target in view!
You see here an orb of wrath.
Press: ? - help, v - describe, . - travel, g - get item Item here: an orb of wrath.
The floor.
Found a stone staircase leading up.
Found a staircase to the Ecumenical Temple.
Found 6 stones.
Found a stone staircase leading down.
You see here 6 stones.
You are not religious.
g - 2 scrolls of blinking (gained 1)
A hound comes into view.
A hound comes into view.
The hound barks!
You reach to attack!
The hound barks!
You hit the hound but do no damage.
The hound is poisoned.
The hound barely misses you.
You hit the hound.
The hound looks even sicker.
The hound is lightly wounded.
The hound closely misses you. The hound bites you but does no damage.
You hit the hound.
The hound is heavily wounded.
The hound bites you. The hound barely misses you.
You closely miss the hound.
The hound is almost dead.
The hound barely misses you. x2
You barely miss the hound.
The hound is almost dead.
You kill the hound!
The hound bites you but does no damage.
You hit the hound.
The hound is poisoned.
The hound is lightly wounded.
The hound barely misses you. The hound closely misses you.
You closely miss the hound.
The hound is lightly wounded.
The hound misses you. The hound barely misses you.
You completely miss the hound.
The hound is moderately wounded.
The hound closely misses you. The hound completely misses you.
You barely miss the hound.
The hound is moderately wounded.
The hound closely misses you. The hound misses you.
You hit the hound.
The hound looks as sick as possible!
The hound is severely wounded.
The hound bites you but does no damage. The hound bites you.
You barely miss the hound.
The hound is almost dead.
You kill the hound!
Your Transmutations skill increases to level 2!
No target in view!
Unknown command.
Unknown command.
Are you sure you want to abandon this character and quit the game? (Confirm with "yes".)

#.# ##.# #.# #.#
#.# #.. #.# #.>
#.# ##. #.# #. #.#
#. #.# #. #@# #.
#†# #. #.# #.
#.#***###########.
#..,,,............
###***#######.####
#.# #.#### ##.....


There were no monsters in sight!

Vanquished Creatures
  Jeremiah (D:6)
  Grinder (D:5)
  A vampire (D:7)
  A wraith (D:7)
  3 yaks (D:7)
  A steam dragon (D:7)
  Menkaure (D:6)
  2 ice beasts
  2 ogres
  A phantom (D:5)
  A bullfrog (D:7)
  3 scorpions
  2 howler monkeys (D:6)
  5 hounds
  2 gnoll boudas
  6 orc priests
  Terence (D:2)
  3 iguanas
  16 orc wizards
  12 gnolls
  4 adders
  A shadow imp (D:7)
  2 white imps
  5 dart slugs
  21 orcs
  5 bats
  6 endoplasms
  2 giant cockroaches
  7 goblins
  6 hobgoblins
  3 jackals (D:1)
  4 quokkas
  9 ball pythons
  3 frilled lizards
  7 kobolds
  7 rats
157 creatures vanquished.

Vanquished Creatures (others)
  11 fulminant prisms
11 creatures vanquished.

Grand Total: 168 creatures vanquished

Notes
Turn   | Place    | Note
-------+----------+-------------------------------------------
     0 | D:1      | Firecrotchwizard the Deep Elf Conjurer began the quest for
                  | the Orb.
     0 | D:1      | Reached XP level 1. HP: 10/10 MP: 6/6
   135 | D:1      | Found a faded altar of an unknown god.
   282 | D:1      | Reached XP level 2. HP: 15/15 MP: 3/8
   573 | D:1      | Reached skill level 4 in Spellcasting
   693 | D:1      | Reached skill level 5 in Conjurations
   693 | D:1      | Reached XP level 3. HP: 19/19 MP: 6/10
   726 | D:1      | Learned a level 2 spell: Searing Ray
  1110 | D:2      | Noticed Terence
  1122 | D:2      | Killed Terence
  1123 | D:2      | Reached XP level 4. HP: 15/24 MP: 3/12
  1207 | D:2      | Found a sparkling altar of Nemelex Xobeh.
  1313 | D:2      | Noticed a scorpion
  1572 | D:2      | Found a runed translucent door.
  1573 | D:2      | Noticed Crazy Yiuf
  1867 | D:3      | Reached skill level 5 in Spellcasting
  2008 | D:3      | Found a white marble altar of Elyvilon.
  2247 | D:3      | Noticed a scorpion
  2335 | D:3      | Reached XP level 5. HP: 28/28 MP: 8/14
  2516 | D:3      | Found Rirghoush's Jewellery Emporium.
  2587 | D:3      | Found a runed translucent door.
  2587 | D:3      | Noticed FakeRyeBread's ghost (amateur GrFi)
  2837 | D:4      | Learned a level 4 spell: Fulminant Prism
  2904 | D:4      | Learned a level 2 spell: Blink
  2996 | D:4      | Noticed an ogre
  3004 | D:4      | Killed an ogre
  3005 | D:4      | Reached skill level 6 in Spellcasting
  3005 | D:4      | Reached skill level 1 in Evocations
  3005 | D:4      | Reached XP level 6. HP: 32/32 MP: 7/17
  3072 | D:4      | Found a stormy altar of Qazlal.
  3079 | D:4      | Found a sparkling altar of Nemelex Xobeh.
  3303 | D:4      | Found a shimmering altar of Xom.
  3471 | D:5      | Entered Level 5 of the Dungeon
  3573 | D:5      | Found Jagia's Magic Scroll Shop.
  3676 | D:5      | Bought a scroll of identify for 22 gold pieces
  3676 | D:5      | Bought a scroll of teleportation for 33 gold pieces
  3676 | D:5      | Bought a scroll of enchant armour for 82 gold pieces
  3897 | D:5      | Noticed Grinder
  3917 | D:5      | Killed Grinder
  3918 | D:5      | Reached skill level 7 in Spellcasting
  3918 | D:5      | Reached XP level 7. HP: 10/36 MP: 9/19
  4047 | D:5      | Found Ceaja's General Store.
  4308 | D:5      | Reached skill level 1 in Translocations
  4569 | D:5      | Found Ebollo's Jewellery Emporium.
  4768 | D:5      | Reached XP level 8. HP: 41/41 MP: 21/21
  4873 | D:5      | Found Rengeer's Book Shoppe.
  5194 | D:6      | Reached skill level 8 in Spellcasting
  5198 | D:6      | Noticed Menkaure
  5456 | D:6      | Killed Menkaure
  5800 | D:6      | Reached skill level 5 in Evocations
  5853 | D:6      | Noticed Jeremiah
  5993 | D:6      | Killed Jeremiah
  5994 | D:6      | Reached skill level 9 in Spellcasting
  6158 | D:6      | Found an ornate altar of the Wu Jian Council.
  6702 | D:7      | Reached XP level 9. HP: 45/45 MP: 24/24
  6710 | D:7      | Found a broken altar of Ashenzari.
  6800 | D:7      | Reached skill level 10 in Spellcasting
  7426 | D:3      | Bought a ring of magical power for 220 gold pieces
  7523 | D:7      | Learned a level 5 spell: Irradiate
  7588 | D:7      | Reached skill level 1 in Transmutations
  7726 | D:7      | Found a glowing golden altar of the Shining One.
  7811 | D:7      | Found a staircase to the Ecumenical Temple.
  7910 | D:7      | Quit the game

Illustrated notes

Levels and vault maps discovered:
D:1:      nzn_arrival_water_spiral, layout_loops_ring, basic_ecumenical_altar
D:2:      layout_basic, basic_altar, st_stairs_2, uniq_terence,
          uniq_crazy_yiuf_cottage
D:3:      kennysheep_big_flooded_room, layout_loops_ring, elyvilon_altar_4,
          gammafunk_ghost_grave, serial_shops, nicolae_shop_tiny_waterfront,
          minmay_mini_jars
D:4:      layout_basic, marbit_many_paths, mainiacjoe_overflow_catwalk_spiral
D:5:      layout_loops_corners, serial_shops, shop, kennysheep_mini, shop,
          nicolae_shop_window_shopping, uniq_grinder
D:6:      layout_rooms, kennysheep_mini_moat, uniq_jeremiah, uniq_menkaure
D:7:      minmay_flawed_box, layout_loops_ring,
          mainiacjoe_overflow_small_starburst,
          mainiacjoe_overflow_surrounded_room, minmay_temple_entry_from_below_a,
          minmay_manual_mullet

Skill      XL: |  1  2  3  4  5  6  7  8  9 |
---------------+----------------------------+-----
Spellcasting   | 4 5 6 7 9 10 | 10.9
Conjurations   | 5 6 7 8 9 |  9.8
Hexes          | 2 3 |  3.0
Evocations     | 1 3 6 7 |  7.5
Translocations | 2 |  2.0
Transmutations | 2 |  2.0
Dodging        | |  2.4
Stealth        | |  2.4

Action                     |  1- 3 |  4- 6 |  7- 9 || total
---------------------------+-------+-------+-------++-------
  Melee: Short sword       |     9 |       |       ||     9
         Dagger            |    16 |    76 |    28 ||   120
         Punch             |       |     1 |       ||     1
         Trident           |       |       |    76 ||    76
   Cast: Magic Dart        |    39 |    65 |    51 ||   155
         Searing Ray       |     2 |    14 |    19 ||    35
         Fulminant Prism   |       |     1 |    10 ||    11
         Blink             |       |       |     3 ||     3
    Use: Scroll            |       |       |    15 ||    15
   Stab: Sleeping          |     4 |     1 |     4 ||     9
 Armour: Robe              |    17 |    55 |    53 ||   125
  Dodge: Dodged            |    15 |    53 |    84 ||   152

Table legend: (Time is in decaauts)
 A = Elapsed time spent in this place.
 B = Non-inter-level travel time spent in this place.
 C = Inter-level travel time spent in this place.
 D = Time resting spent in this place.
 E = Time spent auto-exploring this place.
 F = Levels seen in this place.
 G = Mean time per level.
                   A        B        C        D        E       F      G
               +--------+--------+--------+--------+--------+-----+--------+
         Total |   7962 |   7500 |    462 |   2096 |   4329 |   7 | 1137.4 |
       Dungeon |   7962 |   7500 |    462 |   2096 |   4329 |   7 | 1137.4 |
               +--------+--------+--------+--------+--------+-----+--------+

Top non-repeatable levels by time:
     D:5: 1687 daAuts
     D:6: 1430 daAuts
     D:7: 1203 daAuts
     D:3: 1079 daAuts
     D:1: 940 daAuts
     D:2: 856 daAuts
     D:4: 763 daAuts
